| TOP OF THE 1ST |
|
London Majors batting - Pitching for New Jersey Devils : LHP Chris Fox
|
|
Pitching: LHP Chris Fox
|
|
|
Batting: RHB Carlos Murillo
|
0-0: Called Strike 0-1: Fly out, F7 (Flyball, 7, EV 90.6 MPH)
|
|
Batting: RHB Cedric Nicholls
|
0-0: SINGLE (Flyball, 56D, EV 88.1 MPH)
|
|
Batting: LHB Jessie Stewart
|
0-0: DOUBLE (Line Drive, 9LM, EV 110.6 MPH) Cedric Nicholls to third
|
|
Batting: RHB Cormackle Poohdatoot
|
0-0: Foul Ball, location: 2F 0-1: Ball 1-1: Ball 2-1: Ball 3-1: Called Strike 3-2: Base on Balls
|
|
Batting: RHB Lewis O'Connell
|
0-0: Called Strike 0-1: Swinging Strike 0-2: Foul Ball, location: 2F 0-2: Ball 1-2: Strikes out swinging
|
|
Batting: RHB Joy-shan Li
|
0-0: Foul Ball, location: 2F 0-1: Ball 1-1: Swinging Strike 1-2: Ball 2-2: Strikes out swinging
|
| Top of the 1st over - 0 runs, 2 hits, 0 errors, 3 left on base; London 0 - New Jersey 0 |
| BOTTOM OF THE 1ST |
|
New Jersey Devils batting - Pitching for London Majors : RHP Gil Brady
|
|
Pitching: RHP Gil Brady
|
|
|
Batting: LHB Randolph Brodbeck
|
0-0: Ball 1-0: Called Strike 1-1: Foul Ball, location: 2F 1-2: Ball 2-2: Foul Ball, location: 2F 2-2: Ball 3-2: Foul Ball, location: 2F 3-2: Foul Ball, location: 2F 3-2: Foul Ball, location: 2F 3-2: Strikes out swinging
|
|
Batting: RHB Sergio Andrada
|
0-0: Ball 1-0: Called Strike 1-1: Swinging Strike 1-2: Ball 2-2: Foul Ball, location: 2F 2-2: Strikes out swinging
|
|
Batting: RHB Warren Carmichael
|
0-0: Called Strike 0-1: Ball 1-1: Ball 2-1: Foul Ball, location: 2F 2-2: Strikes out swinging
|
| Bottom of the 1st over - 0 runs, 0 hits, 0 errors, 0 left on base; London 0 - New Jersey 0 |
| TOP OF THE 2ND |
|
London Majors batting - Pitching for New Jersey Devils : LHP Chris Fox
|
|
Batting: RHB Jerry Perez
|
0-0: Called Strike 0-1: Foul Ball, location: 2F 0-2: Ball 1-2: Foul Ball, location: 2F 1-2: Ball 2-2: Strikes out looking
|
|
Batting: RHB Frank Pinksen
|
0-0: Fly out, F7 (Flyball, 7LM, EV 96.9 MPH)
|
|
Batting: RHB Tom Bergman
|
0-0: Called Strike 0-1: Swinging Strike 0-2: Strikes out swinging
|
| Top of the 2nd over - 0 runs, 0 hits, 0 errors, 0 left on base; London 0 - New Jersey 0 |
| BOTTOM OF THE 2ND |
|
New Jersey Devils batting - Pitching for London Majors : RHP Gil Brady
|
|
Batting: RHB Jacob Olander
|
0-0: Ground out 6-3 (Groundball, 6, EV 92.5 MPH)
|
|
Batting: LHB Rick Vallis
|
0-0: Called Strike 0-1: Ball 1-1: Foul Ball, location: 2F 1-2: Ball 2-2: Fly out, F8 (Flyball, 8RD, EV 93.1 MPH)
|
|
Batting: SHB Ernesto Mazas
|
0-0: Ball 1-0: Foul Ball, location: 2F 1-1: Foul Ball, location: 2F 1-2: Ball 2-2: Ball 3-2: Ground out 4-3 (Groundball, 34, EV 104.4 MPH)
|
| Bottom of the 2nd over - 0 runs, 0 hits, 0 errors, 0 left on base; London 0 - New Jersey 0 |
| TOP OF THE 3RD |
|
London Majors batting - Pitching for New Jersey Devils : LHP Chris Fox
|
|
Batting: RHB Carlos Murillo
|
0-0: Ball 1-0: Ball 2-0: Ball 3-0: Base on Balls
|
|
Batting: RHB Cedric Nicholls
|
0-0: Called Strike 0-1: Ball 1-1: Ball 2-1: Foul Ball, location: 2F 2-2: Foul Ball, location: 2F 2-2: Foul Ball, location: 2F 2-2: Strikes out swinging
|
|
Batting: LHB Jessie Stewart
|
0-0: Called Strike 0-1: Ball 1-1: Fly out, F8 (Line Drive, 78M, EV 103.1 MPH)
|
|
Batting: RHB Cormackle Poohdatoot
|
0-0: Called Strike 0-1: Called Strike 0-2: Strikes out looking
|
| Top of the 3rd over - 0 runs, 0 hits, 0 errors, 1 left on base; London 0 - New Jersey 0 |
| BOTTOM OF THE 3RD |
|
New Jersey Devils batting - Pitching for London Majors : RHP Gil Brady
|
|
Batting: RHB Craig Alvarado
|
0-0: SINGLE (Groundball, 6MD, EV 103.8 MPH)
|
|
Pitching: RHP Justin Rubino
|
|
|
Batting: RHB Oscar Ramirez
|
0-0: Called Strike 0-1: Swinging Strike 0-2: Ball 1-2: Ball 2-2: Fly out, F9 (Line Drive, 9LM, EV 91.2 MPH)
|
|
Batting: LHB Matt Reynolds
|
0-0: Ball 1-0: Swinging Strike 1-1: Ball 2-1: Ball 3-1: Swinging Strike 3-2: Strikes out swinging
|
|
Batting: LHB Randolph Brodbeck
|
0-0: Swinging Strike 0-1: Ball 1-1: Fly out, F8 (Flyball, 78M, EV 86.9 MPH)
|
| Bottom of the 3rd over - 0 runs, 1 hit, 0 errors, 1 left on base; London 0 - New Jersey 0 |
| TOP OF THE 4TH |
|
London Majors batting - Pitching for New Jersey Devils : LHP Chris Fox
|
|
Batting: RHB Lewis O'Connell
|
0-0: Ball 1-0: Foul Ball, location: 2F 1-1: Foul Ball, location: 2F 1-2: Foul Ball, location: 2F 1-2: Ball 2-2: DOUBLE (Line Drive, 9LM, EV 97.5 MPH)
|
|
Batting: RHB Joy-shan Li
|
0-0: Ball 1-0: Swinging Strike 1-1: Ball 2-1: Called Strike 2-2: SINGLE (Groundball, 6S, EV 98.8 MPH) Lewis O'Connell to third Runner from 3rd tries for Home, SAFE, throw by LF to home
|
|
Batting: RHB Jerry Perez
|
0-0: Ball 1-0: Fly out, F8 (Flyball, 8RM, EV 77.5 MPH)
|
|
Batting: RHB Frank Pinksen
|
0-0: Ball 1-0: Foul Ball, location: 2F 1-1: Ball 2-1: Ball 3-1: Called Strike 3-2: Strikes out swinging
|
|
Batting: RHB Tom Bergman
|
0-0: Ball Joy-shan Li is caught stealing 2nd base 2-4
|
| Top of the 4th over - 1 run, 2 hits, 0 errors, 0 left on base; London 1 - New Jersey 0 |
| BOTTOM OF THE 4TH |
|
New Jersey Devils batting - Pitching for London Majors : RHP Justin Rubino
|
|
Batting: RHB Sergio Andrada
|
0-0: Ball 1-0: Called Strike 1-1: Fly out, F8 (Flyball, 78XD, EV 102.5 MPH)
|
|
Batting: RHB Warren Carmichael
|
0-0: Fly out, F9 (Flyball, 9S, EV 92.5 MPH)
|
|
Batting: RHB Jacob Olander
|
0-0: Foul Ball, location: 2F 0-1: Ball 1-1: SINGLE (Flyball, 8RS, EV 89.4 MPH)
|
|
Batting: LHB Rick Vallis
|
0-0: Ball Jacob Olander is caught stealing 2nd base 2-6
|
| Bottom of the 4th over - 0 runs, 1 hit, 0 errors, 0 left on base; London 1 - New Jersey 0 |
| TOP OF THE 5TH |
|
London Majors batting - Pitching for New Jersey Devils : LHP Chris Fox
|
|
Batting: RHB Tom Bergman
|
0-0: Ball 1-0: Ground out 5-3 (Groundball, 5, EV 106.9 MPH)
|
|
Batting: RHB Carlos Murillo
|
0-0: Foul Ball, location: 2F 0-1: Foul Ball, location: 2F 0-2: Strikes out swinging
|
|
Batting: RHB Cedric Nicholls
|
0-0: Ball 1-0: Foul Ball, location: 2F 1-1: Ball 2-1: Ball 3-1: Base on Balls
|
|
Batting: LHB Jessie Stewart
|
0-0: DOUBLE (Flyball, 89XD, EV 95.0 MPH) Cedric Nicholls to third Runner from 3rd tries for Home, SAFE, throw by RF to trailing runner, SAFE at third!
|
|
Batting: RHB Cormackle Poohdatoot
|
0-0: Ball 1-0: Foul Ball, location: 2F 1-1: Foul Ball, location: 2F 1-2: Ball 2-2: Fly out, F4 (Popup, 3D, EV 56.2 MPH)
|
| Top of the 5th over - 1 run, 1 hit, 0 errors, 1 left on base; London 2 - New Jersey 0 |
| BOTTOM OF THE 5TH |
|
New Jersey Devils batting - Pitching for London Majors : RHP Justin Rubino
|
|
Batting: LHB Rick Vallis
|
0-0: Called Strike 0-1: Foul Ball, location: 2F 0-2: Ball 1-2: Strikes out swinging
|
|
Batting: SHB Ernesto Mazas
|
0-0: DOUBLE (Flyball, 8RD, EV 95.6 MPH)
|
|
Batting: RHB Craig Alvarado
|
0-0: Ball 1-0: Called Strike 1-1: Ball 2-1: DOUBLE (Line Drive, 8RD, EV 108.8 MPH) Ernesto Mazas scores
|
|
Pinch Runner at 2nd Eric Zylstra:
|
|
|
Batting: RHB Oscar Ramirez
|
0-0: Called Strike 0-1: Foul Ball, location: 2F 0-2: Ground out 5-3 (Groundball, 56, EV 86.9 MPH)
|
|
Batting: LHB Matt Reynolds
|
0-0: Ball 1-0: Ground out 5-3 (Groundball, 5L, EV 101.9 MPH)
|
| Bottom of the 5th over - 1 run, 2 hits, 0 errors, 1 left on base; London 2 - New Jersey 1 |
| TOP OF THE 6TH |
|
London Majors batting - Pitching for New Jersey Devils : LHP Chris Fox
|
|
Now at 2B: Eric Zylstra
|
|
|
Batting: RHB Lewis O'Connell
|
0-0: Ball 1-0: DOUBLE (Line Drive, 3D, EV 98.8 MPH)
|
|
Batting: RHB Joy-shan Li
|
0-0: Ball 1-0: Called Strike 1-1: Ball 2-1: Ball 3-1: Base on Balls
|
|
Batting: RHB Jerry Perez
|
0-0: Fly out, F7 (Flyball, 78M, EV 83.8 MPH)
|
|
Batting: RHB Frank Pinksen
|
0-0: Called Strike 0-1: Called Strike 0-2: Ball 1-2: Grounds into double play, 6-4-3 (Groundball, 6, EV 78.1 MPH)
|
| Top of the 6th over - 0 runs, 1 hit, 0 errors, 1 left on base; London 2 - New Jersey 1 |
| BOTTOM OF THE 6TH |
|
New Jersey Devils batting - Pitching for London Majors : RHP Justin Rubino
|
|
Batting: LHB Randolph Brodbeck
|
0-0: Ball 1-0: Ground out 6-3 (Groundball, 6, EV 80.0 MPH)
|
|
Batting: RHB Sergio Andrada
|
0-0: Ball 1-0: SINGLE (Line Drive, 34D, EV 96.2 MPH)
|
|
Batting: RHB Warren Carmichael
|
0-0: Ball 1-0: Ball 2-0: Fly out, F3 (Popup, 3F, EV 57.5 MPH)
|
|
Batting: RHB Jacob Olander
|
0-0: Swinging Strike 0-1: Swinging Strike 0-2: Ball 1-2: Ball 2-2: 2-RUN HOME RUN (Flyball, 7D, EV 98.1 MPH), Distance : 375 ft
|
|
Pitching: RHP Marcus Reiling
|
|
|
Batting: LHB Rick Vallis
|
0-0: Called Strike 0-1: Foul Ball, location: 2F 0-2: Foul Ball, location: 2F 0-2: Ball 1-2: Ball 2-2: Strikes out swinging
|
| Bottom of the 6th over - 2 runs, 2 hits, 0 errors, 0 left on base; London 2 - New Jersey 3 |
| TOP OF THE 7TH |
|
London Majors batting - Pitching for New Jersey Devils : LHP Chris Fox
|
|
Pinch Hitting: RHB Manny Corral
|
0-0: Ball 1-0: Ball 2-0: Called Strike 2-1: Foul Ball, location: 2F 2-2: SINGLE (Groundball, 4M, EV 103.1 MPH) (infield hit)
|
|
Batting: RHB Carlos Murillo
|
0-0: Ball 1-0: Foul Ball, location: 2F 1-1: Swinging Strike 1-2: Ball 2-2: Fly out, F9 (Line Drive, 9D, EV 85.6 MPH)
|
|
Batting: RHB Cedric Nicholls
|
0-0: Called Strike 0-1: Foul Ball, location: 2F 0-2: Ball 1-2: Ball 2-2: Ball 3-2: Foul Ball, location: 2F 3-2: Fly out, F9 (Flyball, 9D, EV 108.1 MPH)
|
|
Pitching: LHP Archie Creelman
|
|
|
Pinch Hitting: RHB Mel Bohorquez
|
0-0: Ball 1-0: Ball 2-0: Called Strike 2-1: Called Strike 2-2: Strikes out swinging
|
| Top of the 7th over - 0 runs, 1 hit, 0 errors, 1 left on base; London 2 - New Jersey 3 |
| BOTTOM OF THE 7TH |
|
New Jersey Devils batting - Pitching for London Majors : RHP Marcus Reiling
|
|
Now in LF: Edwin Esparza
|
|
|
Now in RF: Salvador Ramos
|
|
|
Batting: SHB Ernesto Mazas
|
0-0: Ball 1-0: Foul Ball, location: 2F 1-1: Ground out 4-3 (Groundball, 4, EV 78.8 MPH)
|
|
Batting: RHB Eric Zylstra
|
0-0: Ball 1-0: Ball 2-0: Ball 3-0: Called Strike 3-1: Foul Ball, location: 2F 3-2: TRIPLE (Line Drive, 78XD, EV 101.9 MPH)
|
|
Batting: RHB Oscar Ramirez
|
0-0: Intentional Walk
|
|
Batting: LHB Matt Reynolds
|
0-0: Swinging Strike 0-1: Ball 1-1: Fly out, F9 (Line Drive, 9S, EV 91.2 MPH)
|
|
Batting: LHB Randolph Brodbeck
|
0-0: Ball 1-0: Called Strike 1-1: Ball 2-1: Swinging Strike 2-2: Ball 3-2: SINGLE (Groundball, 56S, EV 71.9 MPH) (infield hit) Eric Zylstra scores Oscar Ramirez to second
|
|
Batting: RHB Sergio Andrada
|
0-0: Foul Ball, location: 2F 0-1: Foul Ball, location: 2F 0-2: Ball 1-2: Foul Ball, location: 2F 1-2: Ball 2-2: Fly out, F9 (Line Drive, 9, EV 91.2 MPH)
|
| Bottom of the 7th over - 1 run, 2 hits, 0 errors, 2 left on base; London 2 - New Jersey 4 |
| TOP OF THE 8TH |
|
London Majors batting - Pitching for New Jersey Devils : LHP Archie Creelman
|
|
Pinch Hitting: SHB Mike Fermin
|
0-0: Called Strike 0-1: Ball 1-1: Ball 2-1: Ball 3-1: Base on Balls
|
|
Batting: RHB Lewis O'Connell
|
0-0: Called Strike 0-1: Ball 1-1: Ball 2-1: Foul Ball, location: 2F 2-2: Strikes out looking
|
|
Batting: RHB Joy-shan Li
|
0-0: Ball 1-0: Called Strike 1-1: Foul Ball, location: 2F 1-2: Ball 2-2: Foul Ball, location: 7LSF, Error on foul ball, E7 2-2: Ball 3-2: Strikes out swinging
|
|
Pinch Hitting: SHB Joe Loveless
|
0-0: Called Strike 0-1: Called Strike 0-2: Strikes out looking
|
| Top of the 8th over - 0 runs, 0 hits, 1 error, 1 left on base; London 2 - New Jersey 4 |
| BOTTOM OF THE 8TH |
|
New Jersey Devils batting - Pitching for London Majors : RHP Marcus Reiling
|
|
Now at 1B: Joe Loveless
|
|
|
Now at 2B: Mike Fermin
|
|
|
Now at 3B: Carlos Murillo
|
|
|
Batting: RHB Warren Carmichael
|
0-0: Swinging Strike 0-1: Swinging Strike 0-2: Strikes out looking
|
|
Batting: RHB Jacob Olander
|
0-0: Ball 1-0: SINGLE (Line Drive, 89S, EV 95.6 MPH)
|
|
Batting: LHB Rick Vallis
|
0-0: Swinging Strike 0-1: Foul Ball, location: 2F 0-2: Strikes out swinging
|
|
Batting: SHB Ernesto Mazas
|
0-0: Fly out, F7 (Flyball, 7S, EV 76.9 MPH)
|
| Bottom of the 8th over - 0 runs, 1 hit, 0 errors, 1 left on base; London 2 - New Jersey 4 |
| TOP OF THE 9TH |
|
London Majors batting - Pitching for New Jersey Devils : LHP Archie Creelman
|
|
Pitching: RHP Ken Tayo
|
|
|
Pinch Hitting: RHB Chad Colyer
|
0-0: Ball 1-0: SINGLE (Line Drive, 9LS, EV 103.8 MPH)
|
|
Batting: LHB Edwin Esparza
|
0-0: Ball 1-0: Foul Ball, location: 2F 1-1: Swinging Strike 1-2: Ball 2-2: Ball 3-2: Foul Ball, location: 2F 3-2: SINGLE (Line Drive, 34D, EV 96.9 MPH) Chad Colyer to second
|
|
Batting: RHB Carlos Murillo
|
0-0: SINGLE (Groundball, 56, EV 103.8 MPH) (infield hit) Chad Colyer to third Edwin Esparza to second
|
|
Batting: RHB Brandon Williams
|
0-0: Ball 1-0: Ball 2-0: Swinging Strike 2-1: Foul Ball, location: 2F 2-2: Ball 3-2: Grounds into double play, 6-4-3 (Groundball, 56D, EV 98.1 MPH) Chad Colyer scores Edwin Esparza to third
|
|
Pinch Hitting: LHB Danny Hamilton
|
0-0: Foul Ball, location: 2F 0-1: DOUBLE (Line Drive, 9LM, EV 111.9 MPH) Edwin Esparza scores
|
|
Batting: SHB Mike Fermin
|
0-0: Intentional Walk
|
|
Batting: RHB Lewis O'Connell
|
0-0: Ball 1-0: Called Strike 1-1: Called Strike 1-2: Foul Ball, location: 2F 1-2: Ball 2-2: Strikes out looking
|
| Top of the 9th over - 2 runs, 4 hits, 0 errors, 2 left on base; London 4 - New Jersey 4 |
| BOTTOM OF THE 9TH |
|
New Jersey Devils batting - Pitching for London Majors : RHP Marcus Reiling
|
|
Now at C: Chad Colyer
|
|
|
Now in CF: Steve Ramsey
|
|
|
Now in RF: Joy-shan Li
|
|
|
Batting: RHB Eric Zylstra
|
0-0: Ball 1-0: Foul Ball, location: 2F 1-1: Ball 2-1: Called Strike 2-2: Strikes out swinging
|
|
Batting: RHB Oscar Ramirez
|
0-0: Foul Ball, location: 2F 0-1: Fly out, F9 (Flyball, 9S, EV 95.0 MPH)
|
|
Pinch Hitting: RHB John Carpenter
|
0-0: Ball 1-0: Ball 2-0: Ball 3-0: Called Strike 3-1: Ground out 6-3 (Groundball, 6, EV 87.5 MPH)
|
| Bottom of the 9th over - 0 runs, 0 hits, 0 errors, 0 left on base; London 4 - New Jersey 4 |
| TOP OF THE 10TH |
|
London Majors batting - Pitching for New Jersey Devils : RHP Ken Tayo
|
|
Pitching: RHP Mike Whitaker
|
|
|
Now at 1B: Carlos Saldivar
|
|
|
Now at 3B: Warren Carmichael
|
|
|
Batting: RHB Joy-shan Li
|
0-0: Ground out 4-3 (Groundball, 4, EV 78.1 MPH)
|
|
Batting: SHB Joe Loveless
|
0-0: Foul Ball, location: 2F 0-1: Ball 1-1: SOLO HOME RUN (Flyball, 89XD, EV 103.1 MPH), Distance : 397 ft
|
|
Batting: RHB Chad Colyer
|
0-0: Ball 1-0: Ball 2-0: Foul Ball, location: 2F 2-1: Foul Ball, location: 2F 2-2: Ball 3-2: Foul Ball, location: 2F 3-2: SINGLE (Groundball, 34D, EV 106.9 MPH)
|
|
Batting: LHB Edwin Esparza
|
0-0: Ball 1-0: Called Strike 1-1: Swinging Strike 1-2: Strikes out swinging
|
|
Batting: RHB Carlos Murillo
|
0-0: Called Strike 0-1: Ball 1-1: SINGLE (Line Drive, 8LS, EV 106.9 MPH) Chad Colyer to second Runner from 2nd tries for 3rd, OUT after rundown.
|
| Top of the 10th over - 1 run, 3 hits, 0 errors, 1 left on base; London 5 - New Jersey 4 |
| BOTTOM OF THE 10TH |
|
New Jersey Devils batting - Pitching for London Majors : RHP Marcus Reiling
|
|
Pitching: RHP Chris Mansfield
|
|
|
Batting: LHB Randolph Brodbeck
|
0-0: Called Strike 0-1: Ball 1-1: Ball 2-1: Foul Ball, location: 2F 2-2: SINGLE (Groundball, 34D, EV 103.1 MPH)
|
|
Batting: RHB Sergio Andrada
|
0-0: Ball 1-0: Sac Bunt to P - play at first, batter OUT! 1-3 Randolph Brodbeck to second
|
|
Batting: RHB Warren Carmichael
|
0-0: Ball 1-0: Called Strike 1-1: DOUBLE (Groundball, 3L, EV 95.0 MPH) Randolph Brodbeck scores
|
|
Batting: RHB Jacob Olander
|
0-0: Intentional Walk
|
|
Pinch Hitting: RHB Kyle Verkamp
|
0-0: Swinging Strike 0-1: Fly out, F8 (Flyball, 8LD, EV 93.1 MPH)
|
|
Pinch Hitting: RHB Juan Medina
|
0-0: Fly out, F8 (Flyball, 8RM, EV 94.4 MPH)
|
| Bottom of the 10th over - 1 run, 2 hits, 0 errors, 2 left on base; London 5 - New Jersey 5 |
| TOP OF THE 11TH |
|
London Majors batting - Pitching for New Jersey Devils : RHP Mike Whitaker
|
|
Pitching: RHP Nick Rutscher
|
|
|
Now at C: Brian Jones
|
|
|
Now in LF: Isaiah Heath
|
|
|
Batting: RHB Brandon Williams
|
0-0: Foul Ball, location: 2F 0-1: Ball 1-1: Foul Ball, location: 2F 1-2: Fly out, F8 (Flyball, 8LM, EV 91.2 MPH)
|
|
Batting: SHB Steve Ramsey
|
0-0: Ball 1-0: Foul Ball, location: 2F 1-1: Ball 2-1: Fly out, F9 (Line Drive, 9, EV 84.4 MPH)
|
|
Batting: SHB Mike Fermin
|
0-0: Ball 1-0: Ball 2-0: Called Strike 2-1: Foul Ball, location: 2F 2-2: Ball 3-2: Strikes out swinging
|
| Top of the 11th over - 0 runs, 0 hits, 0 errors, 0 left on base; London 5 - New Jersey 5 |
| BOTTOM OF THE 11TH |
|
New Jersey Devils batting - Pitching for London Majors : RHP Chris Mansfield
|
|
Pitching: LHP Jim Sabin
|
|
|
Batting: RHB Eric Zylstra
|
0-0: Ball 1-0: Foul Ball, location: 2F 1-1: Foul Ball, location: 2F 1-2: Ground out 5-3 (Groundball, 56S, EV 64.4 MPH)
|
|
Batting: RHB Oscar Ramirez
|
0-0: Ball 1-0: Fly out, F9 (Flyball, 9S, EV 88.1 MPH)
|
|
Pinch Hitting: LHB Tao Li
|
0-0: Ball 1-0: Foul Ball, location: 2F 1-1: Ball 2-1: Called Strike 2-2: Strikes out swinging
|
| Bottom of the 11th over - 0 runs, 0 hits, 0 errors, 0 left on base; London 5 - New Jersey 5 |
| TOP OF THE 12TH |
|
London Majors batting - Pitching for New Jersey Devils : RHP Nick Rutscher
|
|
Now at 1B: Joel Sandoval
|
|
|
Batting: RHB Lewis O'Connell
|
0-0: Foul Ball, location: 2F 0-1: Ball 1-1: Foul Ball, location: 2F 1-2: Strikes out looking
|
|
Batting: RHB Joy-shan Li
|
0-0: Called Strike 0-1: Ball 1-1: Ball 2-1: Called Strike 2-2: Strikes out swinging
|
|
Batting: SHB Joe Loveless
|
0-0: Called Strike 0-1: Ball 1-1: Foul Ball, location: 2F 1-2: Ball 2-2: Strikes out swinging
|
| Top of the 12th over - 0 runs, 0 hits, 0 errors, 0 left on base; London 5 - New Jersey 5 |
| BOTTOM OF THE 12TH |
|
New Jersey Devils batting - Pitching for London Majors : LHP Jim Sabin
|
|
Batting: LHB Randolph Brodbeck
|
0-0: Ball 1-0: Ball 2-0: Ground out U3 (Groundball, 3, EV 101.9 MPH)
|
|
Batting: RHB Sergio Andrada
|
0-0: Called Strike 0-1: Foul Ball, location: 2F 0-2: Strikes out swinging
|
|
Batting: RHB Warren Carmichael
|
0-0: Swinging Strike 0-1: Foul Ball, location: 2F 0-2: SINGLE (Groundball, 5S, EV 69.4 MPH) (infield hit)
|
|
Batting: RHB Jacob Olander
|
0-0: Swinging Strike 0-1: Foul Ball, location: 2F 0-2: Foul Ball, location: 2F 0-2: Ball 1-2: Strikes out looking
|
| Bottom of the 12th over - 0 runs, 1 hit, 0 errors, 1 left on base; London 5 - New Jersey 5 |
| TOP OF THE 13TH |
|
London Majors batting - Pitching for New Jersey Devils : RHP Nick Rutscher
|
|
Batting: RHB Chad Colyer
|
0-0: Called Strike 0-1: Ball 1-1: Ball 2-1: Foul Ball, location: 2F 2-2: Ball 3-2: DOUBLE (Flyball, 8RXD, EV 110.0 MPH)
|
|
Batting: LHB Edwin Esparza
|
0-0: Ball 1-0: Ball 2-0: Called Strike 2-1: Called Strike 2-2: Foul Ball, location: 2F 2-2: Strikes out swinging
|
|
Batting: RHB Carlos Murillo
|
0-0: SINGLE (Line Drive, 34D, EV 98.8 MPH) Chad Colyer to third Runner from 3rd tries for Home, SAFE, throw by RF to home
|
|
Batting: RHB Brandon Williams
|
0-0: Called Strike 0-1: Ball 1-1: Ball 2-1: Foul Ball, location: 2F 2-2: Ball 3-2: Grounds into double play, 4-6-3 (Groundball, 4, EV 105.6 MPH)
|
| Top of the 13th over - 1 run, 2 hits, 0 errors, 0 left on base; London 6 - New Jersey 5 |
| BOTTOM OF THE 13TH |
|
New Jersey Devils batting - Pitching for London Majors : LHP Jim Sabin
|
|
Pitching: RHP Philip Sonnichsen
|
|
|
Batting: RHB Isaiah Heath
|
0-0: Called Strike 0-1: Ball 1-1: Called Strike 1-2: Foul Ball, location: 2F 1-2: Ball 2-2: Foul Ball, location: 2F 2-2: Ball 3-2: Foul Ball, location: 2F 3-2: Strikes out swinging
|
|
Batting: RHB Brian Jones
|
0-0: Called Strike 0-1: Swinging Strike 0-2: Strikes out looking
|
|
Batting: RHB Eric Zylstra
|
0-0: Called Strike 0-1: Foul Ball, location: 2F 0-2: Foul Ball, location: 2F 0-2: Fly out, F9 (Line Drive, 9LM, EV 93.1 MPH)
|
| Bottom of the 13th over - 0 runs, 0 hits, 0 errors, 0 left on base; London 6 - New Jersey 5 |
|